[Event "Team 45 45 League T76"]
[Site "Internet Chess Club"]
[Date "2018.04.14"]
[Round "4"]
[White "primerpaso"]
[Black "Percival"]
[Result "0-1"]
[WhiteElo "1894"]
[BlackElo "2071"]
[Opening "English opening"]
[ECO "A16"]
[Time "20:02:07"]
[TimeControl "2700+45"]

1. c4 Nf6 2. Nc3 c6 3. g3 d5 4. cxd5 cxd5 5. d4 Nc6 6. Bg2 Bf5 7. Nf3 e6 8. O-O
Bd6 9. Nh4 Bg4 10. h3 Bh5 11. Be3 O-O 12. Rc1 Rc8 13. Qa4 a6 14. Qd1 b5 15. Re1
Na5 16. b3 Nc6 17. g4 Bg6 18. Nxg6 hxg6 19. Qd3 Ba3 20. Rb1 Nb4 21. Qd2 Qc7 22.
Nd1 Qc2 23. Nb2 Nxa2 24. Ra1 Bb4 25. Qxc2 Rxc2 26. Nd3 Bc3 {White resigns} 0-1

[Event "Team 45 45 League T76"]
[Site "Internet Chess Club"]
[Date "2018.04.15"]
[Round "4"]
[White "ivanson"]
[Black "ANGELLR"]
[Result "1/2-1/2"]
[WhiteElo "1741"]
[BlackElo "1868"]
[Opening "French: Fort Knox variation"]
[ECO "C03"]
[Time "20:20:55"]
[TimeControl "2700+45"]

1. e4 e6 2. d4 d5 3. Nd2 dxe4 4. Nxe4 Bd7 5. Nf3 Bc6 6. Bd3 Nd7 7. Bf4 Be7 8.
O-O Ngf6 9. Nxf6+ Bxf6 10. c3 O-O 11. Re1 Re8 12. Ne5 Nxe5 13. dxe5 Be7 14. Qc2
g6 15. Rad1 Qc8 16. Re3 Rd8 17. Rh3 Rd7 18. Qd2 Qe8 19. Bg5 Bxg5 20. Qxg5 Qf8
21. Qc1 Rad8 22. Bc2 Rxd1+ 23. Bxd1 Qc5 24. Re3 Qd5 25. Bf3 Qd2 26. Re1 Bxf3 27.
gxf3 Kf8 28. Kf1 Qxc1 29. Rxc1 Rd2 30. Ke1 Rxb2 31. Rd1 Ke7 32. Rd2 Rxd2 33.
Kxd2 Kd7 34. Kd3 Kc6 35. Kc4 b5+ 36. Kb4 Kb6 37. c4 c5+ 38. Kb3 b4 39. Ka4 Ka6
40. f4 h6 41. h3 h5 42. h4 Kb6 43. a3 bxa3 44. Kxa3 Ka5 45. Kb3 Kb6 46. Ka4 Ka6
47. Kb3 Ka5 48. Ka3 Kb6 49. Ka4 a6 50. Kb3 Kc6 51. Ka4 Kb7 52. Ka5 Ka7 53. Ka4
Kb6 54. Kb3 Kb7 55. Ka4 Ka8 56. Ka5 Ka7 57. Ka4 Kb6 58. Kb3 {Game drawn by
repetition} 1/2-1/2

[Event "Team 45 45 League T76"]
[Site "Internet Chess Club"]
[Date "2018.04.14"]
[Round "4"]
[White "Portola"]
[Black "idjit"]
[Result "1/2-1/2"]
[WhiteElo "1700"]
[BlackElo "1516"]
[Opening "Queen's pawn game"]
[ECO "A45"]
[Time "12:00:50"]
[TimeControl "2700+45"]

1. d4 Nf6 2. c3 e6 3. Nf3 c5 4. e3 Nc6 5. Nbd2 d5 6. Bd3 Bd6 7. O-O Qc7 8. Qe2
Bd7 9. h3 O-O-O 10. dxc5 Bxc5 11. b4 Bb6 12. Nd4 e5 13. Nb5 Qb8 14. a4 a6 15.
Na3 e4 16. Bc2 h5 17. b5 axb5 18. Nxb5 Ng4 19. hxg4 hxg4 20. g3 Qe5 21. f4 gxf3
22. Nxf3 Qxg3+ 23. Qg2 Qxg2+ 24. Kxg2 Bh3+ 25. Kf2 Bxf1 26. Kxf1 exf3 27. Bf5+
Kb8 28. Kf2 Ne5 29. Ba3 Rh2+ 30. Kg3 Rdh8 31. Bd6+ Ka8 32. Bxe5 R2h5 33. a5 Bxe3
34. Nc7+ Ka7 35. Nb5+ Ka8 36. Nc7+ Ka7 37. Nb5+ Ka8 38. Nc7+ {Game drawn by
repetition} 1/2-1/2

[Event "Team 45 45 League T76"]
[Site "Internet Chess Club"]
[Date "2018.04.14"]
[Round "4"]
[White "Demachaeron"]
[Black "kabindra"]
[Result "1-0"]
[WhiteElo "1669"]
[BlackElo "1707"]
[Opening "QGD: classical variation (5.Bf4)"]
[ECO "D37"]
[Time "18:31:00"]
[TimeControl "2700+45"]

1. d4 d5 2. c4 Nf6 3. Nc3 e6 4. Nf3 Be7 5. Bf4 O-O 6. e3 c5 7. Bd3 a6 8. O-O Nc6
9. dxc5 Bxc5 10. cxd5 exd5 11. a3 d4 12. Ne4 dxe3 13. Nxc5 exf2+ 14. Rxf2 Ng4
15. Re2 Nd4 16. Bxh7+ Kxh7 17. Qxd4 Qb6 18. Rae1 Qg6 19. Qd6 Be6 20. Nxe6 fxe6
21. Rxe6 Qc2 22. Qd2 Qf5 23. Bg3 Rad8 24. Qg5 Nh6 25. Rxh6+ gxh6 26. Re7+ Rf7
27. Qxf5+ {Black resigns} 1-0

[Event "Team 45 45 League T76"]
[Site "Internet Chess Club"]
[Date "2018.04.15"]
[Round "4"]
[White "Littlemon"]
[Black "leandromorg"]
[Result "0-1"]
[WhiteElo "1586"]
[BlackElo "1700"]
[Opening "QGD: 3.Nc3"]
[ECO "D31"]
[Time "13:01:55"]
[TimeControl "2700+45"]

1. d4 d5 2. c4 e6 3. Nc3 f5 4. g3 Nf6 5. Bg2 c6 6. Bf4 Bd6 7. Qc2 O-O 8. Nf3 Ne4
9. cxd5 exd5 10. O-O Qe7 11. Bxd6 Qxd6 12. Ne5 Nd7 13. f4 Qh6 14. Nxe4 fxe4 15.
Qb3 Nf6 16. Qc2 g5 17. Qc1 gxf4 18. Qxf4 Qg7 19. Qh4 Be6 20. Bh3 Bxh3 21. Qxh3
Rae8 22. Rf2 c5 23. e3 Qg5 24. Rf4 h5 25. Qf5 Qxf5 26. Rxf5 cxd4 27. exd4 Rc8
28. Raf1 Kg7 29. R1f2 b5 30. Rg5+ Kh7 31. Rgf5 Kg7 32. h3 Rc7 33. g4 hxg4 34.
hxg4 Nh7 35. Rxf8 Nxf8 36. Rd2 Ng6 37. Kf2 Kf6 38. Nxg6 Kxg6 39. Kg3 Rf7 40. Rc2
Rf3+ 41. Kg2 Rd3 42. Rc5 Rxd4 43. Rxb5 Kg5 44. Kf2 Kf4 45. g5 e3+ 46. Ke2 Rd2+
47. Ke1 Kf3 48. g6 Rg2 49. Kd1 e2+ {White resigns} 0-1

[Event "Team 45 45 League T76"]
[Site "Internet Chess Club"]
[Date "2018.04.16"]
[Round "4"]
[White "MarcB"]
[Black "yuanbao2007"]
[Result "1-0"]
[WhiteElo "1700"]
[BlackElo "1151"]
[Opening "Réti: King's Indian attack (Barcza system)"]
[ECO "A07"]
[Time "16:15:30"]
[TimeControl "2700+45"]

1. Nf3 d5 2. g3 Nc6 3. Bg2 e5 4. d3 Nf6 5. O-O Bc5 6. c3 O-O 7. b4 Bb6 8. b5 e4
9. Nfd2 Ne7 10. dxe4 dxe4 11. Nxe4 Qxd1 12. Nxf6+ gxf6 13. Rxd1 Nf5 14. Bf4 Rb8
15. Na3 Be6 16. Nc2 Bc4 17. Nd4 Nxd4 18. cxd4 Bxb5 19. e3 Rfe8 20. a4 a6 21.
axb5 axb5 22. Rab1 Ra8 23. Bxb7 Ra5 24. Bc6 Ra2 25. Bxe8 Kf8 26. Bxb5 Rc2 27.
Bd3 Rc3 28. Bxh7 c5 29. dxc5 Bxc5 30. Bd6+ Bxd6 31. Rxd6 Rc8 32. Bf5 Ke7 33.
Bxc8 Kxd6 34. Rb7 f5 35. Rxf7 f4 36. Rxf4 Ke5 37. Kg2 Kd5 38. Kf3 Ke5 39. Rf5+
Kd6 40. Ke4 Kc7 41. Ba6 Kb8 42. Rf7 Ka8 43. Kd5 Kb8 44. Kc6 Ka8 45. Kb6 Kb8 46.
Rf8# {Black checkmated} 1-0

[Event "Team 45 45 League T76"]
[Site "Internet Chess Club"]
[Date "2018.04.15"]
[Round "4"]
[White "CMAlge"]
[Black "nealbruce"]
[Result "0-1"]
[WhiteElo "1258"]
[BlackElo "1735"]
[Opening "Two knights defense"]
[ECO "C58"]
[Time "11:00:25"]
[TimeControl "2700+45"]

1. e4 e5 2. Nf3 Nc6 3. Bc4 Nf6 4. Ng5 d5 5. exd5 Na5 6. Bb5+ c6 7. dxc6 bxc6 8.
Bd3 Bc5 9. O-O O-O 10. Ne4 Nxe4 11. Bxe4 f5 12. Bf3 Qc7 13. d3 Be6 14. Nc3 Rab8
15. a3 Nb7 16. b4 Bd4 17. Bb2 Nd6 18. Na4 Bxb2 19. Nxb2 c5 20. c3 Nb5 21. Qc2
cxb4 22. Nc4 bxc3 23. a4 Nd4 24. Qxc3 Rb3 25. Qa5 Nxf3+ 26. gxf3 Qxa5 27. Nxa5
Rxd3 28. Nc6 e4 29. f4 Rf3 30. Nd4 Rf6 31. Nxf3 exf3 32. Rfc1 h6 33. a5 Rg6+ 34.
Kh1 Bd5 35. Rc5 Be4 36. Rac1 Rg2 37. Rg1 Rxf2 38. Rcc1 Re2 39. Rc4 f2+ 40. Rxe4
fxg1=Q+ 41. Kxg1 Rxe4 {White resigns} 0-1

[Event "Team 45 45 League T76"]
[Site "Internet Chess Club"]
[Date "2018.04.15"]
[Round "4"]
[White "Tobiasdelmonte"]
[Black "Uku"]
[Result "1-0"]
[WhiteElo "1653"]
[BlackElo "1241"]
[Opening "Caro-Kann: exchange variation"]
[ECO "B13"]
[Time "13:02:05"]
[TimeControl "2700+45"]

1. d4 d5 2. e4 c6 3. exd5 cxd5 4. Nf3 Bf5 5. Bb5+ Nc6 6. Ne5 Rc8 7. O-O Nf6 8.
Nc3 e6 9. Bg5 Bd6 10. f4 h6 11. Bh4 O-O 12. Qd2 Be7 13. Rae1 Nxe5 14. fxe5 Ne4
15. Bxe7 Nxd2 16. Rxf5 Qxe7 17. Rf2 Nc4 18. Bxc4 Rxc4 19. Ne2 Qb4 20. c3 Qxb2
21. Ref1 Qxa2 22. Nf4 Qa6 23. Rf3 Rfc8 24. Nh5 R8c7 25. Rg3 g6 26. Nf6+ Kh8 27.
h4 Rxc3 28. Rg4 Rc1 29. Rxc1 Rxc1+ 30. Kh2 Qf1 31. h5 Qh1+ 32. Kg3 Rc3+ 33. Kf2
Qd1 34. hxg6 Qxg4 35. Nxg4 fxg6 36. Nxh6 a5 37. Nf7+ Kg7 38. Nd8 Rb3 39. Nxe6+
Kh6 40. Nc7 a4 41. e6 Rc3 42. e7 a3 43. e8=Q Rxc7 44. Qf8+ Kh5 45. Qxa3 Rc2+ 46.
Kg1 g5 47. Qh3+ Kg6 48. Qd3+ Kf6 49. Qxc2 Ke6 50. Qb3 Kd6 51. Qxb7 Ke6 52. Kf2
Kd6 53. g4 Ke6 54. Qc6+ Kf7 55. Qxd5+ Kg6 56. Qe5 Kh6 57. d5 Kg6 58. d6 Kh6 59.
d7 Kg6 60. Qf5+ Kh6 61. d8=Q Kg7 62. Qdxg5+ Kh8 63. Qf8+ Kh7 64. Qgh6# {Black
checkmated} 1-0

[Event "Team 45 45 League T76"]
[Site "Internet Chess Club"]
[Date "2018.04.14"]
[Round "4"]
[White "Agarnez"]
[Black "Sloggi"]
[Result "0-1"]
[WhiteElo "1907"]
[BlackElo "1863"]
[Opening "Nimzo-Indian: Reshevsky variation"]
[ECO "E46"]
[Time "23:00:35"]
[TimeControl "2700+45"]

1. d4 Nf6 2. c4 e6 3. Nc3 Bb4 4. e3 O-O 5. Ne2 d5 6. a3 Bxc3+ 7. Nxc3 b6 8. Bd3
Bb7 9. O-O Nbd7 10. Bd2 c5 11. Rc1 Qe7 12. Re1 Rac8 13. cxd5 Nxd5 14. Ne4 Rfd8
15. Qe2 h6 16. Ba6 Bxa6 17. Qxa6 Nb8 18. Qa4 f5 19. Ng3 Nf6 20. Qb3 Kh8 21. e4
fxe4 22. Nxe4 Nc6 23. Qh3 Nxe4 24. Rxe4 Nxd4 25. Bc3 Qg5 26. Rce1 Qf5 27. Qxf5
exf5 28. Re7 a5 29. h4 Kg8 30. Kh2 f4 31. h5 f3 32. g4 Kf8 33. Rb7 Re8 34. Rxe8+
Rxe8 35. Rxb6 Re4 36. Bxd4 cxd4 37. Kg3 Ke7 38. Rb3 Kd6 39. Kxf3 Re7 40. Rd3 Kd5
41. b3 a4 42. bxa4 Kc4 43. Rd1 d3 44. a5 Kc3 45. a6 d2 46. Ra1 Kb2 {White
resigns} 0-1

[Event "Team 45 45 League T76"]
[Site "Internet Chess Club"]
[Date "2018.04.16"]
[Round "4"]
[White "Beetlejuice"]
[Black "Signalman"]
[Result "1/2-1/2"]
[WhiteElo "1758"]
[BlackElo "1866"]
[Opening "QGA: classical, 6...a6"]
[ECO "D27"]
[Time "13:05:23"]
[TimeControl "2700+45"]

1. d4 d5 2. c4 dxc4 3. Nf3 Nf6 4. e3 e6 5. Bxc4 c5 6. O-O a6 7. dxc5 Qxd1 8.
Rxd1 Bxc5 9. b3 O-O 10. Bb2 Nbd7 11. Nbd2 b5 12. Be2 Bb7 13. Rac1 Rac8 14. Nd4
Bb4 15. N2f3 Rxc1 16. Rxc1 Rc8 17. Rxc8+ Bxc8 18. Nc6 Bd6 19. Nfe5 Nxe5 20. Nxe5
{Game drawn by mutual agreement} 1/2-1/2

[Event "Team 45 45 League T76"]
[Site "Internet Chess Club"]
[Date "2018.04.17"]
[Round "4"]
[White "elmaestro"]
[Black "Zugzwanged"]
[Result "0-1"]
[WhiteElo "1681"]
[BlackElo "1757"]
[Opening "French: advance, Milner-Barry gambit"]
[ECO "C02"]
[Time "09:12:39"]
[TimeControl "2700+45"]

1. e4 e6 2. d4 d5 3. e5 c5 4. c3 Nc6 5. Nf3 Qb6 6. Bd3 cxd4 7. cxd4 Bd7 8. Nc3
Nxd4 9. Nxd4 Qxd4 10. O-O a6 11. Be3 Qxe5 12. Re1 Ne7 13. Bc5 Qc7 14. Ba3 Bc6
15. Rc1 Qd7 16. Qg4 g6 17. Qd4 Rg8 18. Qh4 h5 19. Qg3 Nc8 20. Bxf8 Rxf8 21. Re5
Ne7 22. Rce1 O-O-O 23. Rc1 Nf5 24. Qf4 Qd6 25. Bxf5 gxf5 26. Qd4 Rg8 27. Na4 Kb8
28. Re3 Rg4 29. Rxc6 Rxd4 {White resigns} 0-1

[Event "Team 45 45 League T76"]
[Site "Internet Chess Club"]
[Date "2018.04.15"]
[Round "4"]
[White "Fianchettoed"]
[Black "ascoli"]
[Result "1-0"]
[WhiteElo "1760"]
[BlackElo "1609"]
[Opening "King's Indian: fianchetto, Uhlmann (Szabo) variation"]
[ECO "E62"]
[Time "12:00:17"]
[TimeControl "2700+45"]

1. d4 Nf6 2. c4 g6 3. g3 Bg7 4. Bg2 O-O 5. Nc3 d6 6. Nf3 Nc6 7. O-O e5 8. e4
exd4 9. Nxd4 Nxd4 10. Qxd4 Nd5 11. Qxd5 {Black resigns} 1-0

[Event "Team 45 45 League T76"]
[Site "Internet Chess Club"]
[Date "2018.04.14"]
[Round "4"]
[White "Centralplay"]
[Black "dp15"]
[Result "1/2-1/2"]
[WhiteElo "2156"]
[BlackElo "2062"]
[Opening "QGD Slav defense: exchange variation"]
[ECO "D10"]
[Time "13:10:20"]
[TimeControl "2700+45"]

1. d4 d5 2. c4 c6 3. cxd5 cxd5 4. Bf4 Nc6 5. e3 Nf6 6. Nc3 a6 7. Be2 e6 8. Nf3
Bd6 9. O-O O-O 10. Rc1 Bxf4 11. exf4 Ne4 12. Qb3 Qf6 13. g3 Nxd4 14. Nxd4 Qxd4
15. Nxe4 dxe4 16. Rfd1 Qf6 17. Qb6 {Game drawn by mutual agreement} 1/2-1/2

[Event "Team 45 45 League T76"]
[Site "Internet Chess Club"]
[Date "2018.04.15"]
[Round "4"]
[White "Terte"]
[Black "joebobpop"]
[Result "0-1"]
[WhiteElo "1784"]
[BlackElo "1954"]
[Opening "King's Indian: Sämisch, orthodox variation"]
[ECO "E85"]
[Time "12:34:48"]
[TimeControl "2700+45"]

1. d4 Nf6 2. c4 g6 3. Nc3 Bg7 4. e4 d6 5. f3 O-O 6. Be3 e5 7. Nge2 Nc6 8. Qd2
Ne8 9. d5 Ne7 10. g4 f5 11. gxf5 gxf5 12. O-O-O Nf6 13. Bh6 Ng6 14. h4 Nh5 15.
Bxg7 Kxg7 16. Bh3 fxe4 17. Nxe4 h6 18. f4 Nhxf4 19. Nxf4 Rxf4 20. h5 Rxe4 21.
Rdg1 Rxc4+ 22. Kb1 Rf4 23. Rxg6+ Kh7 24. Be6 Qf8 25. Rhg1 Bxe6 26. dxe6 Qf5+ 27.
Qc2 Rf1+ 28. Rxf1 Qxf1+ 29. Qc1 Qxc1+ 30. Kxc1 Re8 31. Kd2 d5 32. Ke3 c6 33. Kd3
a5 34. a4 b5 35. b3 bxa4 36. bxa4 c5 37. Rf6 Re7 38. Rg6 c4+ 39. Ke3 d4+ 40. Ke4
d3 41. Kxe5 d2 42. Kf6 Rxe6+ 43. Kxe6 d1=Q 44. Rf6 Qxh5 45. Ke7 Qe5+ {White
resigns} 0-1

[Event "Team 45 45 League T76"]
[Site "Internet Chess Club"]
[Date "2018.04.16"]
[Round "4"]
[White "jjmolina"]
[Black "JJ12"]
[Result "0-1"]
[WhiteElo "1745"]
[BlackElo "2122"]
[Opening "Sicilian: Taimanov variation"]
[ECO "B46"]
[Time "15:04:37"]
[TimeControl "2700+45"]

1. e4 c5 2. Nf3 e6 3. d4 cxd4 4. Nxd4 Nc6 5. Nc3 a6 6. Nxc6 bxc6 7. Bd3 d5 8.
O-O Nf6 9. Re1 Be7 10. e5 Nd7 11. Qg4 Kf8 12. Qh5 Kg8 13. Bd2 g6 14. Qg4 h5 15.
Qf4 Rb8 16. Rab1 Nc5 17. Bf1 a5 18. a3 Bf8 19. Qd4 Nd7 20. Qa4 Qc7 21. Qd4 c5
22. Qh4 Qc6 23. a4 Rb4 24. Qd8 Rb8 25. Qxa5 c4 26. Nb5 Ra8 27. Qd8 Bb7 28. Qh4
Bg7 29. Bc3 Nc5 30. Nd6 Ne4 31. Nxe4 dxe4 32. a5 Bf8 33. Rbd1 Qc7 34. Rd2 Bd5
35. Red1 Be7 36. Qf4 Qc6 37. Qg3 h4 38. Qh3 Rh5 39. Be2 Rg5 40. Bg4 Kg7 41. Rxd5
exd5 42. e6+ f6 43. Qxh4 d4 44. Rxd4 Rd5 45. Rxe4 Rdxa5 46. f3 Ra1+ 47. Re1 Qb6+
48. Qf2 Rxe1+ 49. Bxe1 Bc5 {White resigns} 0-1

[Event "Team 45 45 League T76"]
[Site "Internet Chess Club"]
[Date "2018.04.14"]
[Round "4"]
[White "Magagna"]
[Black "LookImYourVader"]
[Result "1-0"]
[WhiteElo "1832"]
[BlackElo "1803"]
[Opening "Queen's gambit accepted"]
[ECO "D20"]
[Time "15:02:37"]
[TimeControl "2700+45"]

1. d4 d5 2. c4 dxc4 3. Nc3 e5 4. dxe5 Qxd1+ 5. Kxd1 Be6 6. e4 Nc6 7. Nf3 O-O-O+
8. Bd2 Bc5 9. Ke1 Bg4 10. Bxc4 Bxf3 11. gxf3 Nxe5 12. Be2 Bxf2+ 13. Kxf2 Rxd2
14. Rhd1 Rxd1 15. Rxd1 Ne7 16. f4 N5c6 17. Bg4+ Kb8 18. Nd5 Nxd5 19. exd5 Nb4
20. a3 Na6 21. d6 Rd8 22. d7 Nc5 23. b4 Ne4+ 24. Kf3 Nf6 25. Re1 Nxg4 26. Re8
{Black resigns} 1-0

[Event "Team 45 45 League T76"]
[Site "Internet Chess Club"]
[Date "2018.04.15"]
[Round "4"]
[White "MarcB"]
[Black "swagnik"]
[Result "1-0"]
[WhiteElo "1699"]
[BlackElo "1604"]
[Opening "Réti opening"]
[ECO "A04"]
[Time "13:30:47"]
[TimeControl "2700+45"]

1. Nf3 e6 2. g3 d5 3. Bg2 c5 4. O-O Nc6 5. c3 d4 6. d3 e5 7. e3 Bg4 8. exd4 cxd4
9. cxd4 Nxd4 10. Qa4+ Bd7 11. Qd1 Qc7 12. Nc3 Bc6 13. Nxe5 Be7 14. Nxc6 Nxc6 15.
Nd5 Qd7 16. Nxe7 Ngxe7 17. b3 O-O 18. Bb2 Rad8 19. Qh5 Qxd3 20. Qg4 Qg6 21. Qf4
Qd6 22. Qf3 Qd3 23. Qg4 Qg6 24. Qxg6 hxg6 25. Rad1 Rxd1 26. Rxd1 Rd8 27. Rxd8+
Nxd8 28. f4 Ndc6 29. Kf2 f6 30. Ke3 Kf7 31. Ba3 Ke6 32. Kd3 Nd5 33. Be4 f5 34.
Bg2 Ncb4+ 35. Kc4 Ne3+ 36. Kxb4 Nxg2 37. Kb5 Ne1 38. Bc5 b6 39. Bf2 Nd3 40. Bd4
Kf7 41. Ka6 Nb4+ 42. Kb7 b5 43. a3 Nc2 44. Bc5 a5 45. a4 Na1 46. axb5 Nxb3 47.
Ba3 Nd2 48. Ka6 Nc4 49. b6 Nxb6 50. Kxb6 g5 51. fxg5 Kg6 52. h4 Kh5 53. Bb2 g6
54. Kxa5 Kg4 55. Be5 Kh5 56. Kb5 Kg4 57. Kc5 Kh5 58. Kd6 Kg4 59. Ke6 Kh5 60. Kf6
Kg4 61. Kxg6 f4 62. Bxf4 Kh3 63. h5 Kg4 64. h6 Kh3 65. h7 Kg4 66. h8=Q Kf3 67.
Kf5 Kg2 68. g4 Kf3 69. Qh3+ Ke2 70. Qe3+ Kf1 71. Qd2 Kg1 72. Qe2 Kh1 73. Qh2#
{Black checkmated} 1-0

[Event "Team 45 45 League T76"]
[Site "Internet Chess Club"]
[Date "2018.04.15"]
[Round "4"]
[White "bradleyguo175"]
[Black "suicidepawn"]
[Result "1/2-1/2"]
[WhiteElo "1805"]
[BlackElo "1825"]
[Opening "QGD semi-Slav: Meran, Blumenfeld variation"]
[ECO "D49"]
[Time "16:31:23"]
[TimeControl "2700+45"]

1. d4 d5 2. c4 c6 3. Nf3 Nf6 4. Nc3 e6 5. e3 Nbd7 6. Bd3 dxc4 7. Bxc4 b5 8. Bd3
a6 9. e4 c5 10. e5 cxd4 11. Nxb5 axb5 12. exf6 gxf6 13. O-O Qb6 14. Qe2 b4 15.
Bf4 Bb7 16. Rfc1 Bd6 17. Bxd6 Qxd6 18. Be4 Bxe4 19. Qxe4 Rd8 20. Nxd4 Nc5 21.
Qc6+ Kf8 22. Qxc5 Qxc5 23. Nxe6+ fxe6 24. Rxc5 Kf7 25. Rb5 Rd4 26. Rb7+ Kg6 27.
h3 Rhd8 28. a3 bxa3 29. Rxa3 Rd1+ 30. Kh2 R8d7 {Game drawn by mutual agreement}
1/2-1/2

[Event "Team 45 45 League T76"]
[Site "Internet Chess Club"]
[Date "2018.04.16"]
[Round "4"]
[White "ILRE"]
[Black "filmdirector"]
[Result "0-1"]
[WhiteElo "1612"]
[BlackElo "1694"]
[Opening "Queen's pawn game"]
[ECO "D02"]
[Time "20:05:41"]
[TimeControl "2700+45"]

1. d4 d5 2. Nf3 Bg4 3. Ne5 Bh5 4. Bf4 f6 5. Nd3 e6 6. h3 Nc6 7. c3 Bd6 8. Qb3
Nge7 9. e3 O-O 10. Nd2 e5 11. dxe5 fxe5 12. Bg3 Bf7 13. Qd1 d4 14. cxd4 exd4 15.
Bxd6 Qxd6 16. e4 Rae8 17. Be2 Bg6 18. O-O Kh8 19. Bh5 Ng8 20. Bxg6 Qxg6 21. Re1
Nf6 22. f3 Ne5 23. Nxe5 Rxe5 24. Nc4 Rg5 25. Re2 c5 26. Qd2 Nh5 27. Rf2 Nf4 28.
Raf1 Nxh3+ 29. Kh1 Nxf2+ 30. Rxf2 Rh5+ 31. Kg1 Qg3 32. Nd6 {White resigns} 0-1

[Event "Team 45 45 League T76"]
[Site "Internet Chess Club"]
[Date "2018.04.15"]
[Round "4"]
[White "anishio"]
[Black "RD1974"]
[Result "0-1"]
[WhiteElo "1565"]
[BlackElo "1665"]
[Opening "Sicilian: Kan variation"]
[ECO "B41"]
[Time "19:00:29"]
[TimeControl "2700+45"]

1. e4 c5 2. Nf3 e6 3. d4 cxd4 4. Nxd4 a6 5. Be3 Nf6 6. f3 d5 7. exd5 Nxd5 8. Bf2
Qb6 9. Nb3 Qc7 10. c3 Nc6 11. N1d2 Be7 12. Bd3 Nf4 13. Bf1 Qe5+ 14. Be2 Nxg2+
15. Kf1 Ne3+ 16. Bxe3 Qxe3 17. Nc4 Qh6 18. Nd6+ Kf8 19. Nc5 f5 20. Ncxb7 Bg5 21.
Nxc8 Qh3+ 22. Kf2 Qh4+ 23. Kf1 Rxc8 24. Nc5 Re8 25. Qd6+ Kf7 26. Qxc6 Qh3+ 27.
Kf2 Qh4+ 28. Kg2 Be3 29. Nd3 Kf6 30. Qd6 f4 31. Qe5+ Kf7 32. Raf1 g5 33. Qc7+
Kg6 34. Ne5+ Kf5 35. Bd3+ Kf6 36. Qf7+ Kxe5 37. Qc7+ Kf6 38. Bxa6 Kg6 39. Bd3+
Kf6 40. Qc4 g4 41. Qb5 Rhg8 42. a4 Qh3# {White checkmated} 0-1

[Event "Team 45 45 League T76"]
[Site "Internet Chess Club"]
[Date "2018.04.13"]
[Round "4"]
[White "losscause"]
[Black "pokerram"]
[Result "0-1"]
[WhiteElo "1447"]
[BlackElo "1572"]
[Opening "King's Indian: London system"]
[ECO "A48"]
[Time "22:00:22"]
[TimeControl "2700+45"]

1. d4 Nf6 2. Nf3 g6 3. Bf4 Bg7 4. c4 d6 5. Nc3 O-O 6. Qd2 c5 7. Bh6 cxd4 8. Nxd4
Nc6 9. Bxg7 Kxg7 10. e3 a5 11. Be2 Qb6 12. O-O Bd7 13. Rfc1 Rfc8 14. Nxc6 Bxc6
15. Nd5 Bxd5 16. cxd5 Rc5 17. Rxc5 Qxc5 18. Bf3 Rc8 19. g3 Nd7 20. a3 Ne5 21.
Be2 a4 22. Rb1 Nd7 23. b4 axb3 24. Rxb3 Qc1+ 25. Qxc1 Rxc1+ 26. Kg2 Nc5 27. Rb4
Ra1 28. a4 Rxa4 29. Rxa4 Nxa4 30. Kf3 Nc3 31. Bc4 b5 32. Bb3 Kf6 33. e4 Ke5 34.
Bc2 Kd4 35. h4 b4 36. Kf4 f6 37. f3 Ne2+ 38. Kg4 Kc3 39. Bb1 h5+ 40. Kh3 Nd4 41.
f4 Nc2 42. g4 Kb2 43. Bxc2 Kxc2 44. f5 hxg4+ 45. Kxg4 gxf5+ 46. Kxf5 b3 {White
resigns} 0-1

[Event "Team 45 45 League T76"]
[Site "Internet Chess Club"]
[Date "2018.04.15"]
[Round "4"]
[White "PatrickFish"]
[Black "nathanpillay"]
[Result "0-1"]
[WhiteElo "1533"]
[BlackElo "1719"]
[Opening "French: Tarrasch, closed variation"]
[ECO "C05"]
[Time "14:01:06"]
[TimeControl "2700+45"]

1. e4 e6 2. d4 d5 3. Nd2 Nf6 4. e5 Nfd7 5. Ngf3 c5 6. c3 Nc6 7. Nb3 cxd4 8. cxd4
f6 9. exf6 Nxf6 10. Be2 Bd6 11. O-O O-O 12. Bg5 Qe8 13. Rc1 Ne4 14. Be3 Bd7 15.
Nbd2 Nxd2 16. Qxd2 Ne7 17. a3 Nf5 18. h3 Nxe3 19. fxe3 Bc6 20. Bd3 Qh5 21. Be2
Qh6 22. Nh2 Qg5 23. Nf3 Qg3 24. Qe1 Qg6 25. Qd2 Rf6 26. Bd3 Qh6 27. Qe2 Raf8 28.
Rce1 Be8 29. Nh2 Bxh2+ 30. Kxh2 Rxf1 31. Rxf1 Rxf1 32. Qxf1 Qxe3 33. Qb1 g6 34.
Qc2 Bc6 35. Qc3 Kf7 36. b4 a6 37. a4 Kf6 38. h4 e5 39. Qc5 Qxd3 40. Qf8+ Ke6 41.
Qg8+ Kf5 42. Qf7+ Ke4 43. Qxh7 Kxd4 {White resigns} 0-1

[Event "Team 45 45 League T76"]
[Site "Internet Chess Club"]
[Date "2018.04.11"]
[Round "4"]
[White "Portola"]
[Black "kwen2008"]
[Result "1/2-1/2"]
[WhiteElo "1718"]
[BlackElo "1543"]
[Opening "King's Indian: Torre attack"]
[ECO "A48"]
[Time "19:00:42"]
[TimeControl "2700+45"]

1. d4 Nf6 2. Nf3 g6 3. Bg5 Bg7 4. c3 O-O 5. e3 d5 6. Nbd2 Nc6 7. Bd3 Re8 8. O-O
e5 9. dxe5 Nxe5 10. Nxe5 Rxe5 11. Bf4 Re8 12. h3 Ne4 13. Nxe4 dxe4 14. Bc4 Qe7
15. Qb3 c6 16. a4 b6 17. Rfd1 Bd7 18. Rd2 Bf5 19. Rad1 c5 20. Qa2 Qf6 21. Rd6
Qe7 22. a5 Rf8 23. axb6 axb6 24. Qb3 Be5 25. Bxe5 Qxe5 26. Rxb6 Qe7 27. Rb7 Qf6
28. Qb5 Rac8 29. Qb3 Ra8 30. Rb6 Qg5 31. Kf1 Rad8 32. Rxd8 Qxd8 33. Rb7 Qe8 34.
Kg1 Kg7 35. Rb5 Qe5 36. Qa3 Rc8 37. Qa7 Be6 38. Bxe6 Qxe6 39. Rxc5 Rd8 40. Qa1
Qb3 41. Qa3 Qd1+ 42. Kh2 Qd6+ 43. Kg1 Qd1+ 44. Kh2 Qd6+ 45. Kg1 Qd1+ {Game drawn
by repetition} 1/2-1/2

[Event "Team 45 45 League T76"]
[Site "Internet Chess Club"]
[Date "2018.04.14"]
[Round "4"]
[White "skywise"]
[Black "idjit"]
[Result "0-1"]
[WhiteElo "1544"]
[BlackElo "1534"]
[Opening "Bogo-Indian defense"]
[ECO "E11"]
[Time "18:01:59"]
[TimeControl "2700+45"]

1. d4 Nf6 2. c4 e6 3. Nf3 Bb4+ 4. Bd2 a5 5. Qb3 Qe7 6. Nc3 O-O 7. e3 d6 8. Bd3
Nbd7 9. a3 Bxc3 10. Bxc3 e5 11. dxe5 dxe5 12. e4 Nc5 13. Qc2 Nxd3+ 14. Qxd3 Rd8
15. Qc2 Nd7 16. O-O f6 17. Rfd1 b6 18. Rd2 Bb7 19. Rad1 Nc5 20. Rxd8+ Rxd8 21.
Re1 Qd6 22. b4 axb4 23. axb4 Nd3 24. Re3 Nxb4 25. Qb3 Qd1+ 26. Qxd1 Rxd1+ 27.
Re1 Rxe1+ 28. Bxe1 Nc2 29. Bc3 Bxe4 30. Nd2 Bd3 31. f3 Kf7 32. Kf2 Ke6 33. Kg3
c6 34. Ne4 Bxe4 35. fxe4 f5 36. Kf3 b5 37. cxb5 cxb5 38. Bb2 b4 39. exf5+ Kxf5
40. Ke2 g5 41. Kd2 b3 42. Kc3 Nd4 43. Kb4 Ke4 44. g3 Kd3 45. Bxd4 Kxd4 46. Kxb3
e4 47. Kc2 Ke3 48. Kd1 Kf2 49. Kd2 e3+ 50. Kd3 e2 51. Kd4 e1=Q 52. Kd5 Kf3 53.
Kc4 Ke4 54. Kc5 Qd1 55. Kc4 Qd4+ 56. Kb3 Qc5 57. Kb2 Qc4 58. Ka3 Qb5 59. Ka2 Qb4
60. Ka1 Kd3 61. h4 Kc2 62. hxg5 Qb2# {White checkmated} 0-1